 Dungeon Crawl Stone Soup version 0.31-a0-217-g58bb5d79cf (webtiles) character file.

Game seed: 9889084194387457116

65 HoaS the Shooter (level 3, -4/43 HPs)
             Began as a Demigod Hunter on July 2, 2023.
             Slain by Natasha (6 damage)
             ... on level 2 of the Dungeon on July 3, 2023.
             The game lasted 00:06:19 (1409 turns).

HoaS the Shooter (Demigod Hunter)                   Turns: 1409, Time: 00:06:20

Health: -4/43      AC: 21    Str: 12    XL:     3   Next: 66%
Magic:  5/5        EV:  2    Int: 11    God:
Gold:   122        SH:  0    Dex: 21    Spells: 2/2 levels left

rFire   . . .        (no weapon)
rCold   . . .        (no shield)
rNeg    . . .        h - melded +2 robe {Will+}
rPois   +            (helmet currently unavailable)
rElec   .            (cloak currently unavailable)
rCorr   .            (gloves currently unavailable)
SInv    .            (boots currently unavailable)
Will    .....        (no amulet)
Stlth   ++           (no ring)
HPRegen 0.27/turn    (no ring)
MPRegen 0.09/turn

%: no passive effects
@: tree-form
A: stationary, stasis, torment immunity, boosted hp, high MP 1, forlorn, divine
attributes
a: no special abilities


You were on level 2 of the Dungeon.
You were a tree.
You visited 1 branch of the dungeon, and saw 2 of its levels.

You collected 122 gold pieces.

Inventory:

Hand Weapons
 a - a +0 shortbow
Armour
 h - a +2 robe of willpower (melded)
Scrolls
 b - a scroll of butterflies
Potions
 d - a potion of resistance
 e - a potion of mutation {unknown}
 f - 2 potions of lignification
 g - a potion of degeneration {unknown}
 i - 2 potions of haste
 j - a potion of attraction {unknown}


   Skills:
 - Level 1.7 Fighting
 + Level 5.1 Ranged Weapons
 - Level 1.7 Dodging
 - Level 0.8 Stealth


You had 2 spell levels left.
You didn't know any spells.
Your spell library was empty.

Dungeon Overview and Level Annotations

Branches:
Dungeon (2/15)

Annotations:
D:2 Natasha


Innate Abilities, Weirdness & Mutations

You are a tree.
Your roots penetrate the ground, keeping you stationary.
You cannot be teleported.
You are immune to unholy pain and torment.
Your maximum health is greatly increased.
Your equipment is partially melded.
You have an increased reservoir of magic. (+10% MP)
You shall have no god before yourself.
Your divine heritage dramatically boosts your attributes as you level up.


Message History

Press: ? - help, Q - select action Shift-Dir - straight line, f/p - Natasha
Aim: Natasha (almost dead, 58% to hit)
You shoot an arrow. The arrow barely misses Natasha.
Natasha claws you.
Fire: a) +0 shortbow
Press: ? - help, Q - select action Shift-Dir - straight line, f/p - Natasha
Aim: Natasha (almost dead, 58% to hit)
You shoot an arrow. The arrow barely misses Natasha.
Natasha closely misses you.
Fire: a) +0 shortbow
Press: ? - help, Q - select action Shift-Dir - straight line, f/p - Natasha
Aim: Natasha (almost dead, 58% to hit)
You shoot an arrow. The arrow closely misses Natasha.
Natasha closely misses you. Natasha barely misses you.
Fire: a) +0 shortbow
Press: ? - help, Q - select action Shift-Dir - straight line, f/p - Natasha
Aim: Natasha (almost dead, 58% to hit)
You shoot an arrow. The arrow closely misses Natasha.
Natasha barely misses you.
You shoot an arrow. The arrow hits Natasha.
Natasha is almost dead.
Natasha claws you!
You shoot an arrow. The arrow completely misses Natasha.
Natasha mumbles some strange words.
You shoot an arrow. The arrow barely misses Natasha.
Natasha closely misses you.
The cerulean imp hits you with a +0 spear.
* * * LOW HITPOINT WARNING * * *
You shoot an arrow. The arrow closely misses Natasha.
Natasha claws you.
* * * LOW HITPOINT WARNING * * *
The cerulean imp hits you with a +0 spear.
* * * LOW HITPOINT WARNING * * *
Really quaff the potion of lignification?
You turn into a tree.
Your +2 robe of willpower melds into your body.
You feel less strong-willed.
Your roots penetrate the ground.
Natasha claws you but does no damage.
The cerulean imp hits you but does no damage.
You are now empty-handed.
Natasha claws you.
You die...

...............##.#
####..#.#####
###.#############.#
##..#...... ###.# #.#
#...#.#..## )...# #.#
#........## #####
#.#####...###..##
############ #.........#
#.... ...........#
######....# #.###
##########.#############..#
#....
.............<.5♣#........#
#####
##########.#####h#.#####.##
#.# #.#.#......# #.#
#.#.....#..# #.#
#.#.....#..## #.#
#.#.._......# #.#
#.#.......###
#.......#.....###
#########.###.#


You could see Natasha and a cerulean imp (summoned).

Vanquished Creatures
  Jessica (D:2)
  2 dart slugs (D:1)
  3 endoplasms
  A giant cockroach (D:1)
  4 hobgoblins
  3 quokkas
  7 ball pythons
  6 goblins
  3 kobolds
  3 rats
33 creatures vanquished.

Notes
Turn   | Place    | Note
-------+----------+-------------------------------------------
     0 | D:1      | HoaS the Demigod Hunter began the quest for the Orb.
     0 | D:1      | Reached XP level 1. HP: 17/17 MP: 3/3
    94 | D:1      | Reached skill level 4 in Ranged Weapons
   111 | D:1      | Reached XP level 2. HP: 24/24 MP: 4/4
   511 | D:2      | Noticed Jessica
   517 | D:2      | Killed Jessica
   518 | D:2      | Reached XP level 3. HP: 14/29 MP: 5/5
   619 | D:2      | Reached skill level 5 in Ranged Weapons
  1306 | D:2      | Noticed Natasha
  1407 | D:2      | HP: 1/29 [cerulean imp/+0 spear[Natasha] (1)]
  1409 | D:2      | Slain by Natasha

Illustrated notes

Levels and vault maps discovered:
D:1:      minmay_arrival_doors, layout_rooms,
          hellmonk_ecumenical_altar_inner_sanctum
D:2:      layout_basic, basic_altar, uniq_natasha, uniq_jessica

Skill      XL: |  1  2  3 |
---------------+----------+-----
Ranged Weapons | 4 5 |  5.1
Fighting       | |  1.7
Dodging        | |  1.7
Stealth        | |  0.8

Action                     || total
---------------------------++-------
   Fire: Shortbow          ||   108
    Use: Scroll            ||     5
         Potion            ||     1
 Armour: Leather armour    ||     8
         Robe              ||     3
         Skin              ||     2
  Dodge: Dodged            ||    32

Table legend: (Time is in decaauts)
 A = Elapsed time spent in this place.
 B = Non-inter-level travel time spent in this place.
 C = Inter-level travel time spent in this place.
 D = Time resting spent in this place.
 E = Time spent auto-exploring this place.
 F = Levels seen in this place.
 G = Mean time per level.
                   A        B        C        D        E       F      G
               +--------+--------+--------+--------+--------+-----+--------+
         Total |   1430 |   1398 |     32 |     73 |   1109 |   2 |  715.0 |
       Dungeon |   1430 |   1398 |     32 |     73 |   1109 |   2 |  715.0 |
               +--------+--------+--------+--------+--------+-----+--------+

Top non-repeatable levels by time:
     D:2: 946 daAuts
     D:1: 483 daAuts
